[Event "Titled Tuesday Blitz October 11 Early 2022"]
[White "Indjic, Aleksandar"]
[Black "Kouskoutis, Georgios-Alexandros"]
[WhiteFideId "911925"]
[BlackFideId "4234049"]
[WhiteElo "2592"]
[BlackElo "2187"]
[Result "1-0"]
[Round "03"]
[TimeControl "180+1"]
[Date "2022.10.12"]
[WhiteClock "0:00:44"]
[BlackClock "0:00:02"]

1. c4 Nf6 2. Nc3 d5 3. cxd5 Nxd5 4. Nf3 g6 5. h4 h5 6. e4 Nb6 7. d4 Bg4 8. Be3 Bg7 9. a4 a5 10. Bb5+ c6 11. Be2 Na6 12. Ng5 Bxe2 13. Nxe2 Nb4 14. Qb3 e6 15. f3 Nd7 16. Rd1 Qe7 17. Kf2 Bf6 18. e5 Bg7 19. Ng3 Nb6 20. N5e4 Rd8 21. Bg5 Qc7 22. Bxd8 Qxd8 23. Nd6+ Ke7 24. Nge4 N6d5 25. Nxb7 Qb6 26. Nbd6 Rd8 27. g4 hxg4 28. h5 Nf4 29. Nc4 Qa7 30. Qe3 Nfd5 31. Qg5+ Ke8 32. Ncd6+ 1-0


[Site "https://www.chess.com"]

[Event "Titled Tuesday Blitz October 11 Early 2022"]
[White "Janaszak, Dawid"]
[Black "Leve, Nitai"]
[WhiteFideId "1119206"]
[BlackFideId "2006898"]
[WhiteElo "2226"]
[BlackElo "2144"]
[Result "1-0"]
[Round "03"]
[TimeControl "180+1"]
[Date "2022.10.12"]
[WhiteClock "0:01:51"]
[BlackClock "0:00:01"]

1. e4 c6 2. d4 d5 3. exd5 cxd5 4. Bd3 Nc6 5. c3 Nf6 6. Bf4 g5 7. Bxg5 Rg8 8. Bxf6 exf6 9. g3 Bg4 10. Qb3 Qe7+ 11. Ne2 Bf3 12. O-O O-O-O 13. Nd2 Bxe2 14. Rfe1 Bxd3 15. Rxe7 Bxe7 16. Re1 Bd6 17. Qd1 f5 18. Re3 Be4 19. Qh5 Bf4 20. Nxe4 Bxe3 21. Nf6 Rg5 22. Qf3 Bc1 23. Nxh7 Rgg8 24. Qxf5+ Kb8 25. Qc2 Bh6 26. Nf6 Rg6 27. Nh5 Re6 28. Qh7 Rde8 29. Kg2 Na5 30. b3 Nc6 31. Qxf7 a6 32. Nf6 R8e7 33. Qg8+ Ka7 34. Nxd5 Re8 35. Qh7 1-0


[Site "https://www.chess.com"]

[Event "Titled Tuesday Blitz October 11 Early 2022"]
[White "Jaskolka, Tomasz"]
[Black "Kuchava, Ana"]
[WhiteFideId "1170791"]
[BlackFideId "13605348"]
[WhiteElo "2126"]
[BlackElo "2001"]
[Result "1-0"]
[Round "03"]
[TimeControl "180+1"]
[Date "2022.10.12"]
[WhiteClock "0:00:41"]
[BlackClock "0:00:04"]

1. d4 d5 2. Bf4 c5 3. e3 cxd4 4. exd4 Nc6 5. c3 Nf6 6. Nd2 Bf5 7. Ngf3 e6 8. Qa4 Be7 9. Bb5 O-O 10. O-O Qb6 11. Nh4 Bc2 12. Qxc2 Qxb5 13. Nhf3 Rac8 14. Qb3 Qxb3 15. axb3 a6 16. b4 Ne4 17. Nxe4 dxe4 18. Nd2 f5 19. f3 exf3 20. Nxf3 Bf6 21. Rfe1 Rfe8 22. Kf2 h6 23. h4 g6 24. g3 Kf7 25. Re2 Nd8 26. Bxh6 Rc6 27. Bg5 Kg7 28. Bf4 Nf7 29. Rae1 Nd8 30. d5 Rc4 31. dxe6 Rc6 32. e7 Nf7 33. Ne5 Nxe5 34. Bxe5 Bxe5 35. Rxe5 Kf6 36. Kf3 Rcc8 37. Re6+ Kf7 38. Kf4 Rc4+ 39. Kf3 Rg4 40. Rb6 Rxe7 41. Rxe7+ Kxe7 42. Rxb7+ Kd6 43. Rb6+ Kd5 44. Rxa6 Kc4 45. Ra3 Kb5 46. b3 Re4 47. Ra5+ Kb6 48. Ra8 Re1 49. Rg8 Rc1 50. Rxg6+ Kb5 51. c4+ Kxb4 52. Rb6+ Kc5 53. Rb5+ Kc6 54. Rxf5 Rf1+ 55. Kg4 Rb1 56. Rf3 1-0


[Site "https://www.chess.com"]

[Event "Titled Tuesday Blitz October 11 Early 2022"]
[White "Jean Louis, Marckens"]
[Black "Turutin, Alexander"]
[WhiteFideId "11900270"]
[BlackFideId "4180623"]
[WhiteElo "2030"]
[BlackElo "2402"]
[Result "0-1"]
[Round "03"]
[TimeControl "180+1"]
[Date "2022.10.12"]
[WhiteClock "0:00:05"]
[BlackClock "0:00:20"]

1. d4 Nf6 2. Nf3 g6 3. c4 Bg7 4. Nc3 O-O 5. e3 d6 6. Be2 c5 7. dxc5 dxc5 8. O-O Nbd7 9. Qc2 a6 10. Rd1 e6 11. b3 Qc7 12. Bb2 b6 13. Rd2 Bb7 14. Rad1 Rad8 15. Ng5 Nb8 16. Bf3 Nc6 17. a3 Rxd2 18. Rxd2 Nd7 19. Nce4 Nce5 20. Be2 h6 21. Nh3 Qc6 22. f3 Qc7 23. Nhf2 Bc6 24. f4 f5 25. Ng3 Nf7 26. Bxg7 Kxg7 27. Qc3+ Nf6 28. Nd3 Rd8 29. Bf3 Bxf3 30. gxf3 Qd7 31. Kf2 Qe7 32. h4 Kh7 33. Nf1 Nh5 34. Ne5 Qxh4+ 35. Ke2 Rxd2+ 36. Qxd2 Nxe5 37. fxe5 Qe7 38. Qd6 Qxd6 39. exd6 Nf6 40. e4 fxe4 41. fxe4 e5 42. Nd2 Kg7 43. Nf3 Nd7 44. Ke3 Kf7 45. Nh4 Nf8 46. d7 Nxd7 47. b4 a5 48. bxa5 bxa5 49. Ng2 h5 50. Ne1 Ke6 51. Nd3 g5 52. Kf3 g4+ 53. Kg3 Kd6 54. Kh4 Nf6 55. Kg5 g3 56. Ne1 Nxe4+ 57. Kxh5 Nd2 58. Kg4 Nxc4 59. Kxg3 Nxa3 60. Kf3 Kd5 61. Ke3 Kc4 62. Kd2 e4 63. Kc1 Kc3 64. Ng2 Nc4 65. Nf4 a4 66. Ne2+ Kd3 67. Nf4+ Ke3 68. Nd5+ Kf2 69. Kd1 e3 70. Nc3 a3 71. Kc2 e2 72. Nxe2 Kxe2 73. Kc3 Ne3 74. Kb3 c4+ 75. Kxa3 Kd2 76. Kb2 c3+ 77. Ka1 c2 78. Ka2 c1=Q 79. Kb3 Qc4+ 80. Kb2 Qb5+ 81. Ka3 Kc2 82. Ka2 Qa5# 0-1


[Site "https://www.chess.com"]

[Event "Titled Tuesday Blitz October 11 Early 2022"]
[White "Johnson, Ben"]
[Black "Carbone, Diego"]
[WhiteFideId "2010917"]
[BlackFideId "3002179"]
[WhiteElo "2200"]
[BlackElo "2243"]
[Result "0-1"]
[Round "03"]
[TimeControl "180+1"]
[Date "2022.10.12"]
[WhiteClock "0:00:05"]
[BlackClock "0:00:33"]

1. Nf3 c5 2. c4 Nc6 3. Nc3 g6 4. e3 Nf6 5. d4 cxd4 6. exd4 d5 7. h3 Bg7 8. Bg5 Be6 9. c5 O-O 10. Bd3 Ne4 11. Be3 Nxc5 12. dxc5 d4 13. Bd2 dxc3 14. Bxc3 Bxc3+ 15. bxc3 Qa5 16. O-O Qxc5 17. Qa4 Rfd8 18. Be4 Bd5 19. Rac1 b5 20. Qc2 Na5 21. Rfe1 e6 22. Ng5 Rac8 23. Qe2 Nc4 24. h4 Bxe4 25. Nxe4 Qf5 26. h5 Kg7 27. g3 Qxh5 28. g4 Qe5 29. Qf3 h6 30. Ng3 Qf6 31. Qe3 Nxe3 0-1


[Site "https://www.chess.com"]

[Event "Titled Tuesday Blitz October 11 Early 2022"]
[White "Jovic, Stanoje"]
[Black "Hambleton, Aman"]
[WhiteFideId "905020"]
[BlackFideId "2606577"]
[WhiteElo "2238"]
[BlackElo "2538"]
[Result "0-1"]
[Round "03"]
[TimeControl "180+1"]
[Date "2022.10.12"]
[WhiteClock "0:00:03"]
[BlackClock "0:00:04"]

1. c4 e5 2. g3 c6 3. d4 Bb4+ 4. Bd2 Bxd2+ 5. Qxd2 d6 6. Nc3 Nf6 7. dxe5 dxe5 8. Qxd8+ Kxd8 9. O-O-O+ Ke7 10. h3 Be6 11. e4 Nfd7 12. f4 f6 13. Nf3 a5 14. f5 Bf7 15. g4 Na6 16. h4 Ndc5 17. Rh2 Rhd8 18. Rhd2 Rxd2 19. Rxd2 Nd7 20. Be2 Nac5 21. Kc2 a4 22. g5 Nb6 23. b3 axb3+ 24. axb3 Ra3 25. b4 Rxc3+ 26. Kxc3 Nxe4+ 27. Kc2 Nxd2 28. Nxd2 Nc8 29. c5 Bd5 30. Kd3 Kf7 31. Ke3 Ne7 32. Bg4 fxg5 33. hxg5 h6 34. Bh5+ Kf8 35. f6 gxf6 36. gxf6 Ng8 37. Bg4 Nxf6 38. Bc8 Ke7 39. Bxb7 h5 40. Bc8 Be6 41. Ba6 h4 42. Nf3 Nd5+ 43. Kf2 Nxb4 44. Bb7 Kf6 45. Nxh4 Nd3+ 46. Ke3 Nb4 47. Nf3 Bd5 48. Nd2 Ke6 49. Bc8+ Kf6 50. Bb7 Nc2+ 51. Kd3 Nd4 52. Ke3 Ne6 53. Ne4+ Ke7 54. Ba6 Kd7 55. Nf6+ Ke7 56. Ng4 e4 57. Ne5 Nxc5 58. Be2 Kd6 59. Ng6 Ne6 60. Nh4 Ke5 61. Ng6+ Kf6 62. Nh4 Ng7 63. Ng2 Ke5 64. Bg4 Ne8 65. Nf4 Nf6 66. Ng6+ Kd6 67. Bf5 c5 68. Nh4 Bb7 69. Bh7 Ke5 70. Nf5 Nd5+ 71. Kd2 c4 72. Ng7 e3+ 73. Ke1 Nf4 74. Bc2 Be4 75. Bd1 c3 76. Ne8 c2 77. Bxc2 Bxc2 78. Nc7 Bd3 79. Na8 Ng2+ 0-1


[Site "https://www.chess.com"]

[Event "Titled Tuesday Blitz October 11 Early 2022"]
[White "Kaganskiy, Gleb"]
[Black "Sernecki, Franciszek"]
[WhiteFideId "4132025"]
[BlackFideId "1169297"]
[WhiteElo "2165"]
[BlackElo "2209"]
[Result "0-1"]
[Round "03"]
[TimeControl "180+1"]
[Date "2022.10.12"]
[WhiteClock "0:00:32"]
[BlackClock "0:01:58"]

1. e4 e6 2. d4 d5 3. Nd2 dxe4 4. Nxe4 Nd7 5. Nf3 Ngf6 6. Nxf6+ Nxf6 7. Bd3 Be7 8. O-O O-O 9. c3 b6 10. Qe2 Bb7 11. Re1 c5 12. Bf4 Qd5 13. dxc5 bxc5 14. Rad1 Qh5 15. Ne5 Qxe2 16. Rxe2 Rfd8 17. Red2 h6 18. Bb5 Rxd2 19. Rxd2 Rd8 20. Rxd8+ Bxd8 21. Nc6 Bb6 22. Bb8 a6 23. Ba4 g5 24. c4 Ne4 25. Kf1 Nd2+ 26. Ke1 Nxc4 27. b3 Nb2 28. Ne7+ Kf8 29. Bd6 Nxa4 30. bxa4 Ke8 31. Ng8 Bxg2 32. Nxh6 Bc6 33. a5 Bxa5+ 34. Ke2 Bb6 35. Ng4 Kd7 36. Bf8 Bb5+ 37. Kd2 f5 38. Ne5+ Ke8 39. Bh6 Bd8 40. Nd3 Bxd3 41. Kxd3 Kf7 42. f4 Kg6 43. Bf8 gxf4 44. Bxc5 e5 45. Bd6 e4+ 46. Ke2 f3+ 47. Kf1 Bb6 0-1


[Site "https://www.chess.com"]

[Event "Titled Tuesday Blitz October 11 Early 2022"]
[White "Kaidanov, Gregory"]
[Black "Tarasova, Viktoriya"]
[WhiteFideId "2008564"]
[BlackFideId "4175840"]
[WhiteElo "2617"]
[BlackElo "2182"]
[Result "1-0"]
[Round "03"]
[TimeControl "180+1"]
[Date "2022.10.12"]
[WhiteClock "0:02:27"]
[BlackClock "0:01:49"]

1. Nf3 Nf6 2. g3 d5 3. Bg2 c6 4. b3 Bg4 5. Bb2 Nbd7 6. O-O e6 7. c4 Bd6 8. d3 O-O 9. Nbd2 Qe7 10. h3 Bh5 11. a3 e5 12. Nh4 Bg6 13. Nxg6 hxg6 14. Qc2 Rfe8 15. b4 a5 16. c5 Bc7 17. e4 Nf8 18. Rae1 Rad8 19. exd5 cxd5 20. f4 Qd7 21. fxe5 Nh5 22. g4 Ng3 23. Rf3 Ne4 24. dxe4 dxe4 25. Nxe4 1-0


[Site "https://www.chess.com"]

[Event "Titled Tuesday Blitz October 11 Early 2022"]
[White "Kalajzic, Ivan"]
[Black "Krysa, Leandro"]
[WhiteFideId "14506378"]
[BlackFideId "116807"]
[WhiteElo "2163"]
[BlackElo "2486"]
[Result "0-1"]
[Round "03"]
[TimeControl "180+1"]
[Date "2022.10.12"]
[WhiteClock "0:00:10"]
[BlackClock "0:00:43"]

1. b3 Nf6 2. Bb2 g6 3. Bxf6 exf6 4. c4 d5 5. cxd5 Qxd5 6. Nc3 Qa5 7. Qc1 f5 8. a3 c5 9. Nf3 Bg7 10. e3 O-O 11. Bc4 Nc6 12. O-O f4 13. Nd5 Bg4 14. b4 cxb4 15. d4 bxa3 16. Rxa3 Qd8 17. Nxf4 Bxf3 18. gxf3 Qh4 19. Ng2 Qe7 20. Rb3 Rac8 21. Qa3 Qxa3 22. Rxa3 Nxd4 23. Bd5 Nc6 24. Bxc6 bxc6 25. Rxa7 c5 26. Nf4 c4 27. Nd5 Rc5 28. e4 c3 29. Rc7 Rxc7 30. Nxc7 c2 31. Rc1 Rc8 32. Nd5 Bb2 33. Ne7+ Kg7 34. Nxc8 Bxc1 35. Nd6 Bf4 0-1


[Site "https://www.chess.com"]

[Event "Titled Tuesday Blitz October 11 Early 2022"]
[White "Karabalis, Harilos"]
[Black "Ozer, Omer Faruk"]
[WhiteFideId "4621808"]
[BlackFideId "6354564"]
[WhiteElo "2168"]
[BlackElo "2260"]
[Result "1/2-1/2"]
[Round "03"]
[TimeControl "180+1"]
[Date "2022.10.12"]
[WhiteClock "0:00:11"]
[BlackClock "0:00:22"]

1. e4 d6 2. Nc3 Nf6 3. g3 Bg4 4. Nge2 Bf3 5. Rg1 c5 6. d3 Nc6 7. Be3 Nd4 8. Bxd4 cxd4 9. Nb1 e5 10. Nd2 Bh5 11. c3 dxc3 12. bxc3 d5 13. Qa4+ Qd7 14. Qxd7+ Kxd7 15. Bg2 dxe4 16. Nxe4 Nxe4 17. Bxe4 Rb8 18. g4 Bg6 19. Ng3 f6 20. Ke2 Bf7 21. Rgb1 Kc7 22. a4 Bc5 23. Rb2 g6 24. h3 Rhd8 25. a5 Rd6 26. Rab1 b6 27. Bf3 Rdd8 28. Ne4 Be7 29. axb6+ Rxb6 30. Rxb6 axb6 31. Ra1 Kb8 32. Nd2 Bd5 33. Bxd5 Rxd5 34. c4 Ra5 35. Nb3 Rxa1 36. Nxa1 Kc7 37. Nb3 b5 38. cxb5 Kb6 39. d4 Kxb5 40. dxe5 fxe5 41. Kd3 Kc6 42. Ke4 Kd6 43. Nc1 Ke6 44. Nd3 Bd6 45. f3 Kf6 46. Kd5 Bc7 47. Ke4 Bb8 48. Kd5 h5 49. Ke4 Bc7 50. Kd5 Bb8 51. Ke4 Ke6 52. Nc5+ Ke7 53. Nb3 Kf6 54. Na5 Bc7 55. Nc6 Bd6 56. Kd5 Bc7 57. Ke4 Ke6 58. Nb4 Bb6 59. Nd3 Bc7 60. Nc5+ Kf6 61. Nd7+ Kg5 62. Nc5 Kh4 63. Ne6 Bd6 64. Kd5 Kxh3 65. gxh5 gxh5 66. Kxd6 h4 67. Kxe5 Kg3 68. f4 h3 69. f5 h2 70. f6 h1=Q 71. f7 Qh8+ 72. Kd6 Qb8+ 73. Ke7 Qb4+ 74. Kf6 Qc3+ 75. Ke7 Qa3+ 76. Kf6 Qf3+ 77. Ke7 Qb7+ 78. Kf6 Qc8 79. f8=Q Qxf8+ 80. Nxf8 1/2-1/2


[Site "https://www.chess.com"]

[Event "Titled Tuesday Blitz October 11 Early 2022"]
[White "Karas, Marek"]
[Black "Seletsky, Grigory"]
[WhiteFideId "14928558"]
[BlackFideId "14112191"]
[WhiteElo "2220"]
[BlackElo "2492"]
[Result "1-0"]
[Round "03"]
[TimeControl "180+1"]
[Date "2022.10.12"]
[WhiteClock "0:00:35"]
[BlackClock "0:00:00"]

1. d4 c5 2. d5 e5 3. Nc3 d6 4. e4 Nf6 5. Bb5+ Nbd7 6. a4 Be7 7. Nf3 O-O 8. O-O Ne8 9. a5 a6 10. Bd3 g6 11. Bh6 Ng7 12. Nd2 f5 13. exf5 gxf5 14. Nc4 Rf6 15. Bg5 Rg6 16. Bxe7 Qxe7 17. f4 e4 18. Be2 Nf6 19. Ne3 Bd7 20. g3 Kf7 21. Kf2 h5 22. Rg1 Ng4+ 23. Bxg4 hxg4 24. Na4 Bxa4 25. Rxa4 Rh8 26. Rh1 Rgh6 27. Kg2 Qf6 28. b4 Rh3 29. bxc5 dxc5 30. d6 Qh6 31. Qd5+ Kg6 32. Nf1 e3 33. Qd3 Rd8 34. Nxe3 Kf7 35. Nxf5 Qg6 36. Nxg7 Qxd3 37. cxd3 Kxg7 38. f5 Rh5 39. Rxg4+ Kf6 40. Rb1 Rxd6 41. Rg6+ Ke5 42. Rxd6 Kxd6 43. Rxb7 Rxf5 44. Rb6+ Kd5 45. Rxa6 Kd4 46. Rd6+ Ke3 47. a6 Rf2+ 48. Kh3 Ra2 49. Rc6 Kd4 50. g4 Kd5 51. Rf6 Ra3 52. g5 Rxd3+ 53. Kg4 Ke5 54. h4 Rd4+ 55. Kh5 Ra4 56. Rc6 Kd5 57. Rf6 1-0


[Site "https://www.chess.com"]

[Event "Titled Tuesday Blitz October 11 Early 2022"]
[White "Karavade, Eesha"]
[Black "Smietanska, Wiktoria"]
[WhiteFideId "5012600"]
[BlackFideId "21869359"]
[WhiteElo "2258"]
[BlackElo "1854"]
[Result "1-0"]
[Round "03"]
[TimeControl "180+1"]
[Date "2022.10.12"]
[WhiteClock "0:00:03"]
[BlackClock "0:00:02"]

1. d4 Nf6 2. c4 g6 3. Nf3 Bg7 4. g3 d6 5. Nc3 O-O 6. Bg2 Nc6 7. O-O Bg4 8. h3 Bxf3 9. Bxf3 e5 10. dxe5 Nxe5 11. Bxb7 Rb8 12. Bg2 Nxc4 13. Qc2 Ne5 14. b3 d5 15. Bf4 Re8 16. Rfd1 c6 17. Rac1 Qd7 18. Na4 Rbc8 19. Nc5 Qe7 20. Qd2 Ned7 21. Nxd7 Nxd7 22. Be3 a6 23. Kf1 Red8 24. Bg5 Nf6 25. Qa5 Qb7 26. Rd3 Rd6 27. Bf4 Rd7 28. Rdc3 Ne4 29. R3c2 Nd6 30. Bxd6 Rxd6 31. h4 Be5 32. Kg1 h5 33. e3 Kg7 34. Qc5 Qd7 35. Qa5 Bf6 36. Qxa6 Qd8 37. Qe2 Qd7 38. Rd1 Re6 39. Qd2 Rd6 40. Qc1 c5 41. Rcd2 d4 42. exd4 cxd4 43. Qb1 Rc7 44. a4 Rc3 45. a5 Qc8 46. b4 Qb8 47. b5 Rc5 48. b6 Rxa5 49. b7 Ra7 50. Qe4 Rd7 51. Rb1 Rc7 52. Qd3 Re7 53. Re2 Rxe2 54. Qxe2 Kg8 55. Qc4 Bg7 56. Qc8+ 1-0


[Site "https://www.chess.com"]

[Event "Titled Tuesday Blitz October 11 Early 2022"]
[White "Klukin, Kirill"]
[Black "Vokhidov, Shamsiddin"]
[WhiteFideId "24199273"]
[BlackFideId "14204223"]
[WhiteElo "2290"]
[BlackElo "2619"]
[Result "0-1"]
[Round "03"]
[TimeControl "180+1"]
[Date "2022.10.11"]
[WhiteClock "0:00:09"]
[BlackClock "0:00:48"]

1. c4 Nf6 2. Nc3 e5 3. g3 Bb4 4. Bg2 O-O 5. e4 Bxc3 6. dxc3 d6 7. Qe2 a5 8. Nf3 a4 9. O-O Nbd7 10. Rb1 Nc5 11. Nd2 Be6 12. b4 axb3 13. axb3 Qd7 14. b4 Na4 15. Qd3 Qc6 16. f4 Nb6 17. fxe5 Ng4 18. exd6 Ne5 19. Qd4 cxd6 20. c5 Na4 21. Nb3 f6 22. Na5 dxc5 23. Nxc6 cxd4 24. Nxd4 Bc4 25. Bd2 Bxf1 26. Bxf1 Rac8 27. Rb3 Rfd8 28. Kf2 Nb6 29. Bf4 Ra8 30. Rb2 Nbc4 31. Rc2 Ra1 32. Be2 Rda8 33. Nb3 R1a2 34. Rxa2 Rxa2 35. Nc5 b6 36. Ne6 Rc2 37. Nc7 Nd3+ 38. Kf3 Nce5+ 39. Ke3 Nxf4 40. gxf4 Rxc3+ 41. Kd4 Rxc7 42. fxe5 Rd7+ 0-1


[Site "https://www.chess.com"]

[Event "Titled Tuesday Blitz October 11 Early 2022"]
[White "Kodinets, Konstantin L."]
[Black "Pakleza, Zbigniew"]
[WhiteFideId "4122011"]
[BlackFideId "1119290"]
[WhiteElo "2447"]
[BlackElo "2411"]
[Result "0-1"]
[Round "03"]
[TimeControl "180+1"]
[Date "2022.10.12"]
[WhiteClock "0:00:14"]
[BlackClock "0:00:04"]

1. d4 d6 2. Nf3 Bg4 3. c4 c6 4. Nc3 Nd7 5. e4 e5 6. Be3 Ngf6 7. Be2 Be7 8. Nd2 Bxe2 9. Qxe2 O-O 10. O-O Re8 11. d5 g6 12. b4 a6 13. a3 Nh5 14. g3 Rc8 15. Rac1 Bf8 16. Rfd1 Qc7 17. Nb3 Ng7 18. a4 f5 19. f3 Nf6 20. a5 fxe4 21. fxe4 Qd7 22. Rf1 Ngh5 23. Kg2 Ng4 24. Bg1 Bh6 25. Rc2 Rf8 26. dxc6 bxc6 27. h3 Rxf1 28. Qxf1 Ngf6 29. Rf2 Kg7 30. Qd3 Rb8 31. b5 axb5 32. cxb5 cxb5 33. Nd5 Nxd5 34. Qxd5 Be3 35. Rf3 Bxg1 36. Kxg1 Nf6 37. Qd3 d5 38. Rxf6 Kxf6 39. exd5 Qf5 40. Qc3 Qxh3 41. Nc5 Qg4 42. a6 Ra8 43. d6 Qd4+ 44. Qxd4 exd4 45. Kf2 b4 46. Ke2 b3 47. Nxb3 Rxa6 48. d7 Ke7 49. Nxd4 Kxd7 50. Nf3 Ke7 51. Ke3 Kf6 52. Kf4 Ra4+ 53. Ke3 g5 54. Nd4 h6 55. Nb5 Kf5 56. Kf3 g4+ 57. Kf2 Rb4 58. Nc3 Rb2+ 59. Kg1 Rb3 60. Ne2 Ke4 61. Kf2 Rb2 62. Ke1 Kf3 63. Nf4 Kxg3 64. Nd3 Rb1+ 65. Ke2 Rb8 66. Nc5 Re8+ 67. Kf1 h5 68. Nd3 h4 69. Nf2 Rf8 0-1


[Site "https://www.chess.com"]

[Event "Titled Tuesday Blitz October 11 Early 2022"]
[White "Kovalenko, Igor"]
[Black "Priasmoro, Novendra"]
[WhiteFideId "14117908"]
[BlackFideId "7105029"]
[WhiteElo "2574"]
[BlackElo "2412"]
[Result "1-0"]
[Round "03"]
[TimeControl "180+1"]
[Date "2022.10.11"]
[WhiteClock "0:00:10"]
[BlackClock "0:00:10"]

1. c4 e5 2. Nc3 Nc6 3. g3 Bc5 4. Bg2 d6 5. a3 a6 6. e3 h5 7. b4 Ba7 8. Nf3 Nge7 9. d3 Ng6 10. h4 Bg4 11. Qc2 Qd7 12. Rb1 Nd8 13. a4 f6 14. Ba3 Ne7 15. c5 d5 16. d4 e4 17. Nd2 c6 18. Nb3 Nf5 19. Kd2 Bb8 20. Rbe1 O-O 21. Kc1 Ne6 22. Kb1 Bc7 23. Kb2 Rfb8 24. a5 Rf8 25. Ka1 Rae8 26. Bb2 Kh7 27. Nd2 Nfxd4 28. exd4 Nxd4 29. Qb1 Bf5 30. Qd1 Bg4 31. Qa4 Be5 32. Ka2 Kh8 33. Nb3 Nxb3 34. Kxb3 f5 35. Qa1 d4 36. Na4 Qd5+ 37. Ka3 Bf6 38. Nb6 Qd8 39. Nc4 Qd5 40. Nd6 Rd8 41. Qa2 Rd7 42. Qxd5 cxd5 43. Bh3 Be5 44. Bxg4 hxg4 45. Rd1 f4 46. Bxd4 Bxd6 47. cxd6 fxg3 48. fxg3 Rxd6 49. Bc5 Rf3+ 50. Ka4 Rd7 51. Rhe1 Rxg3 52. Rxe4 dxe4 53. Rxd7 Rf3 54. Re7 Rf4 55. Be3 Rf1 56. Rxe4 Re1 57. Re5 g3 58. Bd4 Rd1 59. Bc5 Rd3 60. Rg5 Kh7 61. Bf8 g6 62. Bc5 Kg7 63. Bb6 Rc3 64. Ba7 Kh6 65. Bb8 g2 66. Rxg2 Rc4 67. Rh2 Kh5 68. Re2 Kxh4 69. Re7 g5 70. Rxb7 Rc6 71. Rb6 Rc8 72. Be5 Ra8 73. Rh6+ Kg4 74. b5 Kf5 75. Bc7 axb5+ 76. Kxb5 g4 77. Rh5+ Kg6 78. Rh1 Rc8 79. Kb6 Kf5 80. Kb7 Re8 81. a6 g3 82. Rf1+ Kg4 83. Rg1 Kf3 84. Rxg3+ Kf2 85. Rb3 1-0


[Site "https://www.chess.com"]

[Event "Titled Tuesday Blitz October 11 Early 2022"]
[White "Koziorowicz, Michal"]
[Black "Timofeev, Artyom"]
[WhiteFideId "21809194"]
[BlackFideId "4140419"]
[WhiteElo "2220"]
[BlackElo "2579"]
[Result "1-0"]
[Round "03"]
[TimeControl "180+1"]
[Date "2022.10.11"]
[WhiteClock "0:00:12"]
[BlackClock "0:00:11"]

1. e4 c6 2. d4 d5 3. e5 Bf5 4. h4 h6 5. c4 dxc4 6. Bxc4 e6 7. Nc3 Nd7 8. Nge2 Nb6 9. Bb3 Ne7 10. Be3 Qd7 11. O-O Ned5 12. Rc1 Be7 13. Ng3 Bg6 14. h5 Bh7 15. Nce4 Rd8 16. Qg4 Kf8 17. Rcd1 Rg8 18. Bc1 Bf5 19. Qf3 Bh7 20. Qg4 a5 21. a4 Qc7 22. f4 g6 23. Qf3 Ke8 24. hxg6 fxg6 25. Qg4 Qc8 26. Qh3 h5 27. Ng5 Bxg5 28. fxg5 Rf8 29. Ne4 Ke7 30. Rf6 Na8 31. Rdf1 Nac7 32. Bd1 b6 33. Bxh5 Nxf6 34. gxf6+ Kd7 35. Bg4 Bg8 36. f7 Rxf7 37. Rxf7+ Bxf7 38. Nf6+ Ke7 39. Bg5 Rxd4 40. Nd5+ Kf8 41. Qh8+ Bg8 42. Qf6+ Bf7 43. Bh6+ Ke8 44. Qe7# 1-0


[Site "https://www.chess.com"]

[Event "Titled Tuesday Blitz October 11 Early 2022"]
[White "Krishnan, Varun"]
[Black "Toshali, V"]
[WhiteFideId "5054508"]
[BlackFideId "5072611"]
[WhiteElo "2622"]
[BlackElo "1973"]
[Result "1-0"]
[Round "03"]
[TimeControl "180+1"]
[Date "2022.10.12"]
[WhiteClock "0:01:04"]
[BlackClock "0:00:19"]

1. e4 c6 2. d4 d5 3. exd5 cxd5 4. c4 Nc6 5. cxd5 Qxd5 6. Be3 e5 7. Nc3 Bb4 8. dxe5 Qxe5 9. Qb3 Be6 10. Bc4 Bxc4 11. Qxc4 Nf6 12. Nf3 Qa5 13. O-O O-O 14. Rac1 Bxc3 15. Rxc3 Ne5 16. Nxe5 Qxe5 17. Qc7 Qd5 18. Rc5 Qxa2 19. Bd4 Qa6 20. Rg5 Rac8 21. Qg3 g6 22. Rf5 Ne4 23. Qe5 f6 24. Qd5+ Rf7 25. Rf4 f5 26. Rxe4 fxe4 27. Qe5 Kf8 28. Qh8+ Ke7 29. Qxc8 1-0


[Site "https://www.chess.com"]

[Event "Titled Tuesday Blitz October 11 Early 2022"]
[White "Lakshmi C"]
[Black "Aguilar, Juan"]
[WhiteFideId "25035347"]
[BlackFideId "3800091"]
[WhiteElo "1865"]
[BlackElo "2379"]
[Result "0-1"]
[Round "03"]
[TimeControl "180+1"]
[Date "2022.10.12"]
[WhiteClock "0:00:01"]
[BlackClock "0:00:09"]

1. e4 c5 2. Nf3 d6 3. d4 cxd4 4. Nxd4 Nf6 5. Nc3 a6 6. Bg5 e6 7. f4 h6 8. Bh4 Be7 9. Bf2 Qc7 10. Qf3 Nbd7 11. Be2 b5 12. a3 Bb7 13. Qe3 Nc5 14. Bf3 g5 15. g3 g4 16. Bg2 O-O-O 17. Nb3 Nfd7 18. h4 Bf6 19. O-O Be7 20. Rfd1 Nb6 21. Nd2 Rd7 22. b4 Nca4 23. Nxa4 Nxa4 24. c4 bxc4 25. Rac1 d5 26. Qd4 Rhd8 27. e5 f6 28. exf6 Bd6 29. Re1 Re8 30. Re2 e5 31. fxe5 Bxe5 32. Qe3 d4 33. Qxh6 c3 0-1


[Site "https://www.chess.com"]

[Event "Titled Tuesday Blitz October 11 Early 2022"]
[White "Leiva, Gianmarco"]
[Black "Ianov, Viktor"]
[WhiteFideId "3804399"]
[BlackFideId "14102730"]
[WhiteElo "2285"]
[BlackElo "2152"]
[Result "1-0"]
[Round "03"]
[TimeControl "180+1"]
[Date "2022.10.12"]
[WhiteClock "0:00:07"]
[BlackClock "0:01:08"]

1. e4 d6 2. d4 Nf6 3. Nc3 c6 4. Nf3 Bg4 5. h3 Bh5 6. Bc4 e6 7. Bb3 d5 8. e5 Nfd7 9. g4 Bg6 10. h4 h5 11. g5 c5 12. Ne2 c4 13. Ba4 Qa5+ 14. c3 Nc6 15. Nf4 Bf5 16. Bxc6 bxc6 17. g6 fxg6 18. Ng5 O-O-O 19. Nf7 Rg8 20. Nxd8 Qxd8 21. Qf3 Be7 22. Qg3 Nf8 23. b3 cxb3 24. axb3 Kb7 25. Kd2 Rh8 26. Ba3 Rh6 27. Bxe7 Qxe7 28. Qg5 Qf7 29. Ra5 Be4 30. Rha1 Nd7 31. Rxa7+ Kc8 32. Ra8+ Kc7 33. R1a7+ Kb6 34. Qd8+ Kb5 35. Qa5# 1-0


[Site "https://www.chess.com"]

[Event "Titled Tuesday Blitz October 11 Early 2022"]
[White "Liu, Xiangyi"]
[Black "Namitbir Singh Walia"]
[WhiteFideId "8605718"]
[BlackFideId "35071068"]
[WhiteElo "2323"]
[BlackElo "2239"]
[Result "1/2-1/2"]
[Round "03"]
[TimeControl "180+1"]
[Date "2022.10.12"]
[WhiteClock "0:00:19"]
[BlackClock "0:00:06"]

1. e4 c5 2. Nf3 Nc6 3. Bb5 g6 4. O-O Bg7 5. Re1 e5 6. a4 Nge7 7. Na3 O-O 8. Bc4 d5 9. exd5 Nxd5 10. h3 a6 11. d3 Re8 12. Bg5 Qd6 13. Qd2 Bf5 14. Bb3 Nd4 15. Nxd4 exd4 16. Nc4 Qc7 17. a5 Be6 18. Re2 Bd7 19. Rae1 Rxe2 20. Rxe2 Re8 21. Rxe8+ Bxe8 22. Qe2 Bc6 23. Nb6 Nf4 24. Qg4 Be5 25. Bxf4 Bxf4 26. g3 Qe5 27. Kf1 Bd2 28. Qd1 Bxa5 29. Nc4 Qd5 30. f3 Bc7 31. Kf2 Qe6 32. Qf1 Qf6 33. Qg2 Qg5 34. f4 Bxg2 35. fxg5 Bxh3 36. Nd2 Bd7 37. Bd5 Bc6 38. Bxc6 bxc6 39. Ne4 Bb6 40. Nf6+ Kg7 41. Nd7 Bd8 42. Nxc5 Bxg5 43. Nxa6 Be3+ 44. Kf3 h5 45. Nb8 c5 46. Nd7 Bc1 47. b3 Ba3 48. Ke4 g5 49. Kf5 h4 50. gxh4 gxh4 51. Kg4 Kg6 52. Ne5+ Kf6 53. Nc4 Bb4 54. Kxh4 Kf5 55. Kg3 f6 56. Kf3 Bc3 57. Nd6+ Ke6 58. Ne4 Bb4 59. Ng3 f5 60. Nh5 Ke5 61. Nf4 Bd2 62. Ng6+ Kf6 63. Nh4 Kg5 64. Ng2 f4 65. Ke2 Bc1 66. Ne1 Kg4 67. Nf3 Be3 68. Ne5+ Kg3 69. Nf3 Kg2 70. Ne5 Bc1 71. Nf3 Bb2 72. Ne5 Bc3 73. Nf3 Ba5 74. Ne5 Bc7 75. Nf3 Bd8 76. Nd2 Be7 77. Nf3 Bf6 78. Ne1+ Kg3 79. Nf3 Be7 80. Nd2 Bd8 81. Nf3 Ba5 82. Ne5 Bc7 83. Nf3 Ba5 84. Ne5 Bc7 85. Nf3 Ba5 1/2-1/2


[Site "https://www.chess.com"]